Map: Tours du crépuscule

Players

pupu - Winner!

  • Race: Protoss Protoss
  • League: Silver

GuitarZ

  • Race: Zerg Zerg
  • League: Silver

VOD

Have the link to the VOD?

Description

Time

  • Played on: April 2, 2016, 11:39 a.m.
  • Length: 11:09
Show
View Real Time Build Order
Export as new Build Order

pupu Protoss - Winner!

Build Orders: Nexus First 

Get SALT Encoding   

  12  0:01  Probe (Chrono Boost)  
  13  0:12  Probe (Chrono Boost)  
  14  0:20  Pylon  
  14  0:22  Probe (Chrono Boost)  
  15  0:39  Probe (Chrono Boost)  
  16  0:49  Probe (Chrono Boost)  
  17  1:00  Nexus  
  17  1:10  Gateway  
  17  1:14  Probe (Chrono Boost)  
  18  1:22  Assimilator  
  18  1:26  Assimilator  
  18  1:27  Probe (Chrono Boost)  
  19  1:37  Probe (Chrono Boost)  
  20  1:41  Pylon  
  20  1:48  Probe (Chrono Boost)  
  21  1:58  Cybernetics Core  
  21  2:01  Probe (Chrono Boost)  
  22  2:12  Probe (Chrono Boost)  
  23  2:21  Zealot  
  26  2:23  Probe (Chrono Boost)  
  26  2:33  Pylon  
  26  2:37  Robotics Facility  
  26  2:40  Warp Gate (Chrono Boost)  
  26  2:45  Probe  
  26  2:46  Probe  
  28  2:57  Pylon  
  28  2:59  Probe  
  28  3:01  Adept  
  28  3:05  Probe  
  31  3:11  Probe  
  33  3:15  Probe  
  34  3:22  Assimilator  
  34  3:23  Probe  
  34  3:26  Probe  
  35  3:33  Stalker  
  38  3:39  Stargate  
  38  3:43  Warp Prism  
  40  3:48  Probe  
  40  3:49  Probe  
  42  3:56  Gateway  
  42  4:01  Gateway  
  42  4:08  Gateway  
  42  4:10  Probe  
  42  4:11  Probe  
  44  4:20  Forge  
  44  4:22  Oracle (Chrono Boost)  
  47  4:34  Probe, Mothership Core  
  50  4:44  Probe  
  50  4:45  Assimilator  
  51  4:54  Zealot, Pylon  
  51  4:57  Pylon  
  53  5:01  Void Ray (Chrono Boost), Pylon  
  57  5:09  Protoss Ground Weapons Level 1 (Chrono Boost)  
  57  5:15  Immortal  
  57  5:20  Adept x2  
  65  5:22  Adept  
  65  5:25  Adept  
  65  6:26  Adept x2  
  65  6:27  Adept x2  
  61  7:04  Probe x2  
  63  7:11  Void Ray  
  63  7:14  Stalker x4  
  71  7:18  Immortal  
  79  7:25  Gateway  
  79  7:27  Pylon  
  79  7:29  Pylon  
  79  7:34  Gateway  
  79  7:37  Gateway  
  79  7:39  Gateway  
  79  7:40  Stalker  
  79  7:41  Stalker x2, Pylon  
  79  7:44  Stalker, Pylon  
  85  7:46  Pylon  
  87  7:55  Pylon  
  87  7:58  Pylon  
  87  7:59  Void Ray  
  87  8:00  Pylon  
  87  8:03  Pylon  
  91  8:09  Protoss Air Weapons Level 1, Protoss Ground Armor Level 1 (Chrono Boost)  
  91  8:14  Immortal  
  91  8:18  Stalker x2  
  99  8:21  Sentry x2  
  103  9:05  Void Ray  
  103  9:08  Stalker x5  
  113  9:12  Immortal  
  121  9:32  Stalker x2  
  121  9:33  Stalker  
  127  9:44  Probe x2  
  129  9:49  Nexus  
  129  9:54  Stalker  
  129  9:56  Probe  
  129  9:58  Zealot  
  134  10:00  Sentry  
  115  10:53  Stalker x6  
  115  10:54  Stalker x2  
Show
View Real Time Build Order
Export as new Build Order

GuitarZ Zerg 

Build Orders: 3 Hatch before Pool 

Get SALT Encoding   

  12  0:06  Drone  
  13  0:11  Drone  
  14  0:17  Overlord  
  14  0:38  Drone x2  
  14  0:39  Drone  
  17  0:51  Drone  
  18  0:59  Hatchery  
  18  1:00  Drone  
  18  1:13  Drone  
  19  1:26  Drone  
  19  1:27  Hatchery  
  20  1:32  Drone  
  20  1:42  Spawning Pool  
  20  1:45  Extractor  
  18  1:51  Overlord  
  18  1:54  Drone  
  19  2:04  Drone  
  20  2:15  Drone  
  21  2:16  Drone  
  22  2:29  Zergling x2  
  23  2:30  Queen  
  23  2:32  Queen  
  27  2:39  Drone  
  27  2:40  Drone  
  27  2:42  Queen  
  31  2:59  Drone  
  31  3:00  Overlord, Drone x2  
  31  3:01  Drone  
  35  3:10  Roach Warren  
  34  3:16  Metabolic Boost  
  34  3:18  Drone  
  35  3:20  Drone  
  35  3:22  Drone  
  35  3:26  Drone  
  38  3:27  Drone  
  38  3:30  Drone  
  39  3:38  Drone, Spore Crawler  
  39  3:39  Drone  
  39  3:40  Drone  
  41  3:46  Spore Crawler  
  41  3:47  Drone  
  41  3:54  Drone  
  41  3:55  Spine Crawler, Drone x2  
  43  3:59  Lair  
  43  4:00  Drone  
  45  4:02  Drone  
  45  4:03  Drone  
  45  4:07  Overlord  
  46  4:11  Spine Crawler  
  46  4:16  Drone, Spore Crawler  
  45  4:17  Drone  
  45  4:21  Extractor, Drone x2  
  45  4:22  Extractor  
  45  4:24  Drone x2  
  47  4:29  Drone  
  47  4:30  Extractor  
  48  4:36  Drone  
  48  4:37  Queen  
  51  4:46  Drone  
  51  4:50  Evolution Chamber  
  51  4:51  Drone x3  
  54  4:53  Evolution Chamber  
  54  4:58  Glial Reconstitution  
  53  5:00  Drone, Hydralisk Den  
  53  5:01  Drone x4  
  53  5:02  Overlord  
  53  5:04  Extractor, Drone  
  53  5:06  Extractor  
  56  5:10  Drone  
  57  5:18  Hatchery  
  57  5:20  Overseer  
  56  5:27  Infestation Pit  
  55  5:29  Muscular Augments  
  55  5:30  Drone  
  55  5:31  Drone x2  
  58  5:37  Drone x3  
  58  5:38  Drone  
  64  5:43  Roach  
  64  5:44  Zergling x2  
  65  6:00  Overlord x2  
  58  6:23  Zergling x2  
  58  6:24  Zergling x10  
  63  6:29  Spine Crawler  
  60  6:40  Roach x3  
  60  6:41  Roach x7  
  80  6:50  Hive  
  79  7:00  Drone  
  80  7:12  Queen  
  82  7:16  Drone  
  82  7:17  Drone x2  
  85  7:23  Spine Crawler  
  85  7:27  Drone x3  
  87  7:30  Overlord x2  
  87  7:45  Zerg Missile Weapons Level 1, Spire, Zerg Ground Armor Level 1  
  87  7:49  Evolution Chamber  
  87  7:50  Drone x8  
  93  8:04  Drone  
  93  8:05  Drone x2  
  96  8:06  Drone x2  
  96  8:07  Drone  
  96  8:08  Drone x4  
  96  8:10  Overlord x3  
  103  8:19  Extractor, Spore Crawler  
  101  8:20  Extractor  
  101  8:23  Spine Crawler  
  101  8:26  Spine Crawler  
  98  8:33  Drone x2  
  98  8:34  Overlord x2  
  100  8:42  Ultralisk Cavern, Adrenal Glands  
  100  8:48  Drone  
  100  8:51  Drone  
  100  8:52  Drone x10  
  111  9:02  Greater Spire  
  111  9:04  Zerg Melee Weapons Level 1  
  111  9:06  Overlord  
  111  9:21  Corruptor x2  
  111  9:22  Hatchery, Corruptor x3  
  120  9:32  Hydralisk  
  120  9:33  Hydralisk x2  
  127  9:45  Zergling x6  
  129  9:46  Hydralisk x5, Roach x2  
  138  10:29  Roach x3  
  138  10:30  Zergling x4  
  130  10:41  Roach x3, Hydralisk x6  
Tags
 
Add a new tag
Caveats
  • Supply blocks, unpowered buildings, or Contaminate may cause inaccurate times.
  • Supply counts are checked every 10 seconds.